 Dungeon Crawl Stone Soup version 0.20-a0-1043-gbd57889 (webtiles) character file.

39 Gorglomux the Chopper (level 3, 0/30 HPs)
             Began as a Hill Orc Gladiator on Apr 24, 2017.
             Was an Initiate of Ru.
             Slain by an adder (4 damage)
             ... on level 3 of the Dungeon.
             The game lasted 00:01:17 (1371 turns).

Gorglomux the Chopper (Hill Orc Gladiator)          Turns: 1371, Time: 00:01:18

Health: 0/30       AC:  4    Str: 21    XL:     3   Next: 47%
Magic:  3/3        EV: 12    Int:  8    God:    Ru [......]
Gold:   79         SH:  0    Dex: 13    Spells: 2/2 levels left

rFire    . . .     SeeInvis .   a - +0 war axe
rCold    . . .     Gourm    .   (no shield)
rNeg     . . .     Faith    .   b - +0 leather armour
rPois    .         Spirit   .   c - +0 helmet
rElec    .         Reflect  .   (no cloak)
rCorr    .         Harm     .   (no gloves)
MR       .....                  (no boots)
Stlth    +.........             (no amulet)
Regen    0.1/turn               (no ring)
MPRegen  0.1/turn               (no ring)

@: mighty, lethally poisoned (0 -> -8)
A: no striking features
a: Sacrifice Stealth, Sacrifice Essence, Sacrifice Resistance, Reject
Sacrifices, Renounce Religion


You were on level 3 of the Dungeon.
You worshipped Ru.
Ru was noncommittal.
You were hungry.

You visited 1 branch of the dungeon, and saw 3 of its levels.

You collected 79 gold pieces.

Inventory:

Hand Weapons
 a - a +0 war axe (weapon)
Missiles
 d - 3 throwing nets {=f, !d}
Armour
 b - a +0 leather armour (worn)
 c - a +0 helmet (worn)
Scrolls
 g - a scroll of amnesia {unknown}
 l - a scroll of teleportation {unknown}
 m - 2 scrolls of identify {unknown}
Potions
 e - a potion of magic {unknown}
 h - 2 potions of might
 i - a potion of heal wounds {unknown}
Comestibles
 f - 2 bread rations {@e1@e1}
 j - a royal jelly


   Skills:
 - Level 2.4 Fighting
 + Level 5.8 Axes
 - Level 1.7 Throwing
 - Level 2.4 Dodging


You had 2 spell levels left.
You didn't know any spells.

Dungeon Overview and Level Annotations

Branches:
Dungeon (3/15)

Altars:
Ashenzari
Nemelex Xobeh
Ru

Annotations:
D:3 Shinoi's ghost, amateur DECj


Message History

You can't see that place.
There is a stone staircase leading up here.
You climb upwards.
There is a stone staircase leading down here.
There is a stone staircase leading down here.
You climb downwards.
Level annotation: Shinoi's ghost, amateur DECj A goblin comes into view.
It is wielding a club.
The goblin shouts!
Found a stone staircase leading down.
There is a stone staircase leading up here.
A goblin is nearby!
The goblin barely misses you.
You slash the goblin!
You kill the goblin!
No target in view!
No target in view!
Found a faded altar of an unknown god.
There is a faded altar of an unknown god here.
You cannot tell which god this altar belongs to.
Convert to them anyway?
Ru accepts your prayer! Ru welcomes you!
m - 2 scrolls labeled WIAN GIEBUOBO (gained 1)
There isn't anything here!
You now have 79 gold pieces (gained 14).
A ball python comes into view.
A ball python is nearby!
An orc comes into view.
The orc shouts!
The ball python barely misses you. The ball python grabs you.
The ball python constricts you.
The ball python bites you but does no damage.
The ball python constricts you.
An adder comes into view.
You take 1 damage, and have 29/30 hp.
The adder hisses angrily.
You hit the ball python.
You kill the ball python!
Unknown command.
The adder bites you but does no damage. The orc hits you but does no damage.
You closely miss the adder. You barely miss the orc. The adder bites you.
You are poisoned.
The adder poisons you! The orc misses you.
You take 1 damage, and have 28/30 hp.
You closely miss the adder. You slash the orc!
You kill the orc!
You feel sick. The adder misses you. The adder closely misses you.
You take 1 damage, and have 27/30 hp.
You miss the adder.
You feel sick. The adder closely misses you. x2
Unknown command.
You closely miss the adder. The adder closely misses you.
You barely miss the adder.
You feel sick. The adder bites you. The adder misses you.
Ru believes you are ready to make a new sacrifice.
You take 4 damage, and have 23/30 hp.
You miss the adder. The adder closely misses you.
You closely miss the adder.
You feel sick. The adder bites you but does no damage.
The adder barely misses you.
You take 1 damage, and have 22/30 hp.
You barely miss the adder. The adder misses you. The adder bites you.
You are more poisoned.
The adder poisons you!
You take 1 damage, and have 21/30 hp.
You closely miss the adder.
You feel sick. The adder misses you.
You take 1 damage, and have 20/30 hp.
You barely miss the adder. The adder bites you. The adder barely misses you.
You take 1 damage, and have 19/30 hp.
You miss the adder.
You feel sick. The adder closely misses you.
You miss the adder. The adder misses you. The adder barely misses you.
You hit the adder.
You feel sick. The adder bites you but does no damage.
You take 1 damage, and have 18/30 hp.
You miss the adder. The adder bites you but does no damage.
The adder bites you.
You take 2 damage, and have 16/30 hp.
Okay, then.
You closely miss the adder.
You feel sick. The adder closely misses you. x2
You take 1 damage, and have 15/30 hp.
You closely miss the adder. The adder closely misses you.
You closely miss the adder. The adder bites you.
The adder bites you but does no damage.
You take 1 damage, and have 14/30 hp.
You miss the adder.
You feel sick. The adder bites you but does no damage.
You take 1 damage, and have 13/30 hp.
You are feeling hungry.
You barely miss the adder. The adder bites you.
You are more poisoned.
The adder poisons you! The adder bites you.
* * * LOW HITPOINT WARNING * * *
You take 6 damage, and have 7/30 hp.
You hit the adder.
You feel sick. The adder misses you. The adder bites you.
* * * LOW HITPOINT WARNING * * *
You are more poisoned.
The adder poisons you!
You take 2 damage, and have 5/30 hp.
It was a potion of might.
You feel very mighty all of a sudden.
* * * LOW HITPOINT WARNING * * *
You feel sick. The adder bites you.
You die...

#..........##
#...........#
#...........##
#............#
#..........#.##
##.###+##..#..#
####.....###..#.###
.......†..........#
###.##@.###...♣..#
......S..# #..♣_♣.#
####.###.# #...♣..#
# #.# #......# #.#
#....### #.# ######
#.# .#


You could see an adder.

Vanquished Creatures
  An adder (D:2)
  A leopard gecko (D:2)
  An orc (D:3)
  A ball python (D:3)
  5 bats
  2 giant cockroaches (D:1)
  2 goblins
  9 hobgoblins
  2 frilled lizards (D:1)
  A kobold (D:1)
25 creatures vanquished.

Notes
Turn   | Place    | Note
-------+----------+-------------------------------------------
     0 | D:1      | Gorglomux the Hill Orc Gladiator began the quest for the Orb.
     0 | D:1      | Reached XP level 1. HP: 18/18 MP: 1/1
   173 | D:1      | Found a shattered altar of Ashenzari.
   247 | D:1      | Reached XP level 2. HP: 23/25 MP: 2/2
   493 | D:1      | Reached skill level 5 in Axes
   919 | D:2      | Reached XP level 3. HP: 30/30 MP: 3/3
  1217 | D:2      | Found a sparkling altar of Nemelex Xobeh.
  1265 | D:3      | Noticed Shinoi's ghost (amateur DECj)
  1327 | D:3      | Found a faded altar of an unknown god.
  1335 | D:3      | Became a worshipper of Ru the Awakened
  1369 | D:3      | HP: 7/30 [adder (3)]
  1371 | D:3      | Slain by an adder

Vault maps used:
D:1:      saegor_arrival_simple_a, nicolae_ashenzari_panopticon
D:2:      nemelex_altar_shiori, first_bread
D:3:      kennysheep_slug_shrine, chequers_ecumenical_altar_simple, uniq_jessica

Skill      XL: |  1  2 |
---------------+-------+-----
Axes           | 5 |  5.8
Fighting       | |  2.4
Throwing       | |  1.7
Dodging        | |  2.4

Action                   || total
-------------------------++-------
Melee: War axe           ||    81
  Use: Potion            ||     1
 Stab: Sleeping          ||     1
  Eat: Chunk             ||     1
Armor: Leather armour    ||    28
Dodge: Dodged            ||    60

Vault maps used:
D:1:      saegor_arrival_simple_a, nicolae_ashenzari_panopticon
D:2:      nemelex_altar_shiori, first_bread
D:3:      kennysheep_slug_shrine, chequers_ecumenical_altar_simple, uniq_jessica

Table legend:
 A = Turns spent in this place as a percentage of turns spent in the entire game.
 B = Non-inter-level travel turns spent in this place as a percentage of non-inter-level travel turns spent in the entire game.
 C = Inter-level travel turns spent in this place as a percentage of turns spent in this place.
 D = Turns resting spent in this place as a percentage of non-inter-level travel turns spent in this place.
 E = Turns spent auto-exploring this place as a percentage of non-inter-level travel turns spent in this place.
 F = Non-inter-level travel turns spent in this place divided by the number of levels of this place that you've seen.
                   A       B       C       D       E      F
               +-------+-------+-------+-------+-------+----------------------
         Total | 100.0 | 100.0 |   1.2 |   0.0 |  15.0 | 109.0
       Dungeon | 100.0 | 100.0 |   1.2 |   0.0 |  15.0 | 109.0
               +-------+-------+-------+-------+-------+----------------------

Table legend:
 A = Kills in this place as a percentage of kills in entire the game.
 B = Kills by you in this place as a percentage of kills by you in the entire game.
 C = Kills by friends in this place as a percentage of kills by friends in the entire game.
 D = Other kills in this place as a percentage of other kills in the entire game.
 E = Experience gained in this place as a percentage of experience gained in the entire game.
 F = Experience gained in this place divided by the number of levels of this place that you have seen.
                   A       B       C       D       E      F
               +-------+-------+-------+-------+-------+----------------------
         Total | 100.0 | 100.0 |  -nan |  -nan | 100.0 |  19.0
       Dungeon | 100.0 | 100.0 |  -nan |  -nan | 100.0 |  19.0
               +-------+-------+-------+-------+-------+----------------------
